 Dungeon Crawl Stone Soup version 0.27-a0-887-gcab673c142 (webtiles) character file.

Game seed: 2848229286203587186

8 jestyr24 the Skirmisher (level 2, 24/24 HPs)
             Began as a Demonspawn Fighter on Apr 4, 2021.
             Quit the game on level 1 of the Dungeon.
             The game lasted 00:02:29 (885 turns).

jestyr24 the Skirmisher (Demonspawn Fighter)         Turns: 885, Time: 00:02:30

Health: 24/24      AC:  6    Str: 16    XL:     2   Next: 0%
Magic:  2/2        EV:  6    Int:  9    God:
Gold:   47         SH:  8    Dex: 12    Spells: 1/1 levels left

rFire    . . .     SeeInvis .   a - +0 long sword
rCold    . . .     Faith    .   c - +0 kite shield
rNeg     . . .     Spirit   .   b - +0 scale mail
rPois    .         Reflect  .   (no helmet)
rElec    .         Harm     .   (no cloak)
rCorr    .         Rampage  .   (no gloves)
Will     .....                  (no boots)
Stlth    ..........             (no amulet)
HPRegen  0.08/turn              (no ring)
MPRegen  0.08/turn              (no ring)

@: no status effects
A: demonic magic 1
a: no special abilities


You were on level 1 of the Dungeon.
You visited 1 branch of the dungeon, and saw 1 of its levels.

You collected 47 gold pieces.

Inventory:

Hand Weapons
 a - a +0 long sword (weapon)
Missiles
 e - 79 stones (quivered)
Armour
 b - a +0 scale mail (worn)
 c - a +0 kite shield (worn)
Scrolls
 f - 2 scrolls of fear {unknown}
 g - 2 scrolls of identify {unknown}
 h - a scroll of noise {unknown}
Potions
 d - a potion of might


   Skills:
 + Level 3.2 Fighting
 + Level 1.8 Long Blades
 + Level 2.9 Armour
 + Level 2.7 Shields


You had one spell level left.
You didn't know any spells.
Your spell library contained the following spells:

 Spells                   Type           Power      Damage    Failure   Level
 Animate Skeleton         Necr           0%         N/A       100%        1
 Apportation              Tloc           0%         N/A       100%        1
 Corona                   Hex            0%         N/A       100%        1
 Summon Small Mammal      Summ           0%         N/A       100%        1


Dungeon Overview and Level Annotations

Branches:
Dungeon (1/15)

Altars:

Shops:
D:1 (


Innate Abilities, Weirdness & Mutations

Spells you cast may paralyse adjacent enemies.


Message History

You hit the bat.
You kill the bat!
You now have 25 gold pieces (gained 10).
There is a stone staircase leading down here.
A ball python comes into view.
The ball python hisses angrily.
Found 5 gold pieces.
You slash the ball python!
You kill the ball python!
You now have 30 gold pieces (gained 5).
You pick up a book of Cantrips and begin reading...
You add the spells Corona, Animate Skeleton, Summon Small Mammal and Apportation to your library.
A ball python comes into view.
The ball python hisses angrily.
Found a stone staircase leading down.
You hit the ball python.
The ball python is moderately wounded.
The ball python bites you. The ball python grabs you.
The ball python constricts you.
The ball python bites you but does no damage.
The ball python constricts you.
You hit the ball python.
You kill the ball python!
You have reached level 2!
Your demonic ancestry asserts itself...
A menacing aura infuses your magic.
You don't know any spells.
Unknown command.
You see here a ball python corpse.
There is a stone staircase leading down here.
You now have 47 gold pieces (gained 17).
You see here a +0 dagger.
You see here a +0 dagger.
f - 2 scrolls labelled IXTOTHUYLUL (gained 1)
h - a scroll labelled UCI TAPTUIRE
g - 2 scrolls labelled HUBRIM ACKOUWN (gained 1) Done exploring.
Done exploring.
Done exploring.
Are you sure you want to abandon this character and quit the game? (Confirm with "yes".)

#.#.####.#.#........
#.#......#.#..###...
#.#..###.#.#..#.#.##
#.#..# #.#.#....#.##
#.#..###.#.#.##)#.##
#.#..#...#..........
#.#..#.###.#....#.##
#.####.###.#.#######
#.#@...#............
#.#.####.###########
#.#.# #............
#.#.####..##########
#.#.......#.........
#.#######.#.########
#.# #.....#.#..#...(
#.# #.#####.#..#.###
#.# #.# #.#.##.##.


There were no monsters in sight!

Vanquished Creatures
  3 goblins (D:1)
  A hobgoblin (D:1)
  3 ball pythons (D:1)
  A bat (D:1)
8 creatures vanquished.

Notes
Turn   | Place    | Note
-------+----------+-------------------------------------------
     0 | D:1      | jestyr24 the Demonspawn Fighter began the quest for the
                  | Orb.
     0 | D:1      | Reached XP level 1. HP: 18/18 MP: 1/1
   241 | D:1      | Found Gocs's Antique Weapon Shop.
   529 | D:1      | Gained mutation: Spells you cast may paralyse adjacent
                  | enemies. [demonic ancestry]
   529 | D:1      | Reached XP level 2. HP: 23/24 MP: 2/2
   885 | D:1      | Quit the game

Illustrated notes

Levels and vault maps discovered:
D:1:      dpeg_arrival_line_fractal, layout_basic, serial_shops, shop,
          serial_park_tiny_1

Action                   || total
-------------------------++-------
Melee: Long sword        ||    22
Armor: Scale mail        ||     9
Dodge: Dodged            ||     4
Block: Kite shield       ||    11

Table legend: (Time is in decaauts)
 A = Elapsed time spent in this place.
 B = Non-inter-level travel time spent in this place.
 C = Inter-level travel time spent in this place.
 D = Time resting spent in this place.
 E = Time spent auto-exploring this place.
 F = Levels seen in this place.
 G = Mean time per level.
                   A        B        C        D        E       F      G
               +--------+--------+--------+--------+--------+-----+--------+
         Total |    897 |    897 |      0 |      0 |    753 |   1 |  897.0 |
       Dungeon |    897 |    897 |      0 |      0 |    753 |   1 |  897.0 |
               +--------+--------+--------+--------+--------+-----+--------+

Top non-repeatable levels by time:
     D:1: 897 daAuts
